[Event "XXIX Cracovia 2018"]
[Site "Krakow"]
[Date "2018.12.29"]
[Round "3"]
[White "Biriukov, Nikolai"]
[Black "Zaleski, Lukasz"]
[Result "1-0"]
[ECO "A40"]
[WhiteElo "2365"]
[BlackElo "2116"]
[Annotator "NA"]
[PlyCount "67"]
[EventDate "2018.12.27"]
[EventType "swiss"]
[EventCountry "POL"]
[SourceTitle "playchess.com"]
[Source "ChessBase"]
[SourceQuality "1"]
[TimeControl "40/5400+30:1800+30"]

1. d4 e6 2. Nf3 Nf6 3. g3 c5 4. Bg2 cxd4 5. Nxd4 d5 6. O-O Be7 7. c4 O-O 8. cxd5 Nxd5 {[%emt 0:01:27] LiveBook: 105 Games} 9. Qb3 {[%emt 0:01:33] D02: 1 d4 d5 2 Nf3 sidelines, including 2...Nf6 3 g3 and 2...Nf6 3 Bf4} (9. b3 Qa5 10. Bb2 Rd8 11. Qd2 Bb4 12. Qc2 Bd7 13. a3 Bf8 14. b4 Qa6 15. Nc3 Nxc3 16. Bxc3 Rc8 {1-0 (28) Meier,G (2655)-Rodshtein,M (2699) Heraklio 2017}) 9... Nc6 10. Nxc6 bxc6 11. e4 Nf6 12. Bf4 $146 ({Predecessor:} 12. Rd1 Qb6 13. Qxb6 axb6 14. Be3 Ng4 15. Bxb6 Rb8 16. Bd4 e5 {½-½ (38) Ershov,V (2031)-Vunder,Y (2221) St Petersburg 2011}) 12... Qa5 13. Qc3 Qxc3 14. Nxc3 Rd8 15. Rfd1 Ba6 16. Bf3 Rxd1+ 17. Rxd1 Rd8 18. Rc1 c5 19. Na4 c4 20. Be3 Bb5 21. Nc3 Bc6 22. Bxa7 Rd2 23. Rb1 Bb4 24. Be3 Rd8 25. Rc1 Ba5 26. Ne2 Bxe4 27. Bxe4 Nxe4 28. Rxc4 Nd2 29. Ra4 Bc7 30. Kg2 e5 31. Nc3 $18 f5 32. Nb5 Bb8 33. Ra8 Nc4 34. Ba7 1-0

[Event "XXIX Cracovia 2018"]
[Site "Krakow"]
[Date "2018.12.29"]
[Round "3"]
[White "Paszewski, Mateusz"]
[Black "Sahil, Tickoo"]
[Result "1/2-1/2"]
[ECO "C07"]
[WhiteElo "2342"]
[BlackElo "2224"]
[Annotator "NA"]
[PlyCount "70"]
[EventDate "2018.12.27"]
[EventType "swiss"]
[EventCountry "POL"]
[SourceTitle "playchess.com"]
[Source "ChessBase"]
[SourceQuality "1"]
[TimeControl "40/5400+30:1800+30"]

1. e4 e6 2. d4 d5 3. Nd2 c5 4. exd5 Qxd5 5. Ngf3 cxd4 6. Bc4 Qd6 7. O-O Nf6 8. Nb3 Nc6 9. Nbxd4 Nxd4 10. Nxd4 a6 11. Re1 Bd7 12. c3 Qc7 13. Bf1 Bd6 14. g3 O-O-O 15. Qf3 e5 16. Nf5 Bc5 17. Nxg7 Ng4 18. Be3 Nxe3 19. fxe3 Bc6 20. Qf2 Qd7 21. Bg2 Bxg2 22. Kxg2 Qg4 23. Nf5 Qe4+ 24. Kg1 Rd7 25. Re2 Rhd8 26. Rf1 Rd1 27. h3 Qb1 28. Ree1 Rxe1 29. Rxe1 Qxa2 30. Kh2 Kb8 31. Re2 Qb1 32. Qf3 Qd1 33. Qg2 Qb1 34. Qf3 Qd1 35. Qg2 Qb1 1/2-1/2

[Event "XXIX Cracovia 2018"]
[Site "Krakow"]
[Date "2018.12.29"]
[Round "3"]
[White "Colijn, Stefan"]
[Black "Kubicka, Anna"]
[Result "1-0"]
[ECO "A21"]
[WhiteElo "2331"]
[BlackElo "2168"]
[Annotator "NA"]
[PlyCount "55"]
[EventDate "2018.12.27"]
[EventType "swiss"]
[EventCountry "POL"]
[SourceTitle "playchess.com"]
[Source "ChessBase"]
[SourceQuality "1"]
[TimeControl "40/5400+30:1800+30"]

1. c4 e5 2. Nc3 Bb4 3. Qc2 Nc6 4. Nf3 Nge7 5. e3 Bxc3 6. Qxc3 d6 7. d3 O-O 8. Be2 f5 9. b3 Ng6 10. Bb2 Kh8 11. h4 Qf6 12. h5 Nge7 13. h6 g5 14. d4 Ng6 15. dxe5 dxe5 16. Nxe5 Ncxe5 17. f4 gxf4 18. exf4 Be6 19. O-O-O Rad8 20. Bh5 Rxd1+ 21. Rxd1 Qh4 22. Bxg6 Qxf4+ 23. Kb1 hxg6 24. Re1 Kg8 25. Rxe5 Kf7 26. Re1 Ke7 27. h7 Qf2 28. Qe5 1-0

[Event "XXIX Cracovia 2018"]
[Site "Krakow"]
[Date "2018.12.29"]
[Round "3"]
[White "Dietmayer-Kraeutler, Marco"]
[Black "Turski, Bartlomiej"]
[Result "1/2-1/2"]
[ECO "E91"]
[WhiteElo "2311"]
[BlackElo "1924"]
[Annotator "NA"]
[PlyCount "53"]
[EventDate "2018.12.27"]
[EventType "swiss"]
[EventCountry "POL"]
[SourceTitle "playchess.com"]
[Source "ChessBase"]
[SourceQuality "1"]
[TimeControl "40/5400+30:1800+30"]

1. d4 Nf6 2. c4 g6 3. Nc3 Bg7 4. e4 d6 5. Nf3 O-O 6. Be2 Nbd7 7. O-O e5 8. Rb1 h6 9. b4 Qe7 10. d5 Nh5 11. Nb5 Ndf6 12. Qc2 Nxe4 13. c5 a6 14. cxd6 Nxd6 15. Qxc7 Qxc7 16. Nxc7 Bf5 17. Nxa8 Bxb1 18. Nb6 e4 19. Nh4 Bxa2 20. Bxh5 gxh5 21. Bf4 Nc8 22. Nxc8 Rxc8 23. Nf5 Bf8 24. d6 Be6 25. Ne7+ Bxe7 26. dxe7 f6 27. Re1 1/2-1/2

[Event "XXIX Cracovia 2018"]
[Site "Krakow"]
[Date "2018.12.29"]
[Round "3"]
[White "Baum, Jonasz"]
[Black "Martynyuk, Elizaveta"]
[Result "1-0"]
[ECO "D15"]
[WhiteElo "2302"]
[BlackElo "2128"]
[Annotator "NA"]
[PlyCount "61"]
[EventDate "2018.12.27"]
[EventType "swiss"]
[EventCountry "POL"]
[SourceTitle "playchess.com"]
[Source "ChessBase"]
[SourceQuality "1"]
[TimeControl "40/5400+30:1800+30"]

1. d4 d5 2. c4 c6 3. Nf3 Nf6 4. Nc3 dxc4 5. e3 b5 6. a4 b4 7. Nb1 Ba6 8. Be2 e6 9. O-O Be7 10. Nbd2 c3 11. bxc3 bxc3 12. Nb1 O-O 13. Nxc3 c5 14. Bb2 Qa5 15. Nb5 Nc6 16. dxc5 Ne4 17. Nfd4 Nxd4 18. exd4 Bb7 19. Qe1 Qxe1 20. Rfxe1 a6 21. Nc3 Rab8 22. Nxe4 Bxe4 23. Bxa6 Bxg2 24. Kxg2 Rxb2 25. a5 Bh4 26. Re2 Rxe2 27. Bxe2 Bf6 28. Ra4 Ra8 29. a6 Kf8 30. a7 Bxd4 31. Bf3 1-0

[Event "XXIX Cracovia 2018"]
[Site "Krakow"]
[Date "2018.12.29"]
[Round "3"]
[White "Kyc, Jerzy"]
[Black "Eggink, Ryszard"]
[Result "0-1"]
[ECO "B07"]
[WhiteElo "2280"]
[BlackElo "2343"]
[Annotator "NA"]
[PlyCount "106"]
[EventDate "2018.12.27"]
[EventType "swiss"]
[EventCountry "POL"]
[SourceTitle "playchess.com"]
[Source "ChessBase"]
[SourceQuality "1"]
[TimeControl "40/5400+30:1800+30"]

1. e4 d6 2. d4 Nf6 3. Nc3 Nbd7 4. Nf3 e5 5. Bc4 Be7 6. O-O O-O 7. dxe5 dxe5 8. Qe2 c6 9. a4 a5 {[%emt 0:00:45] C41: Philidor Defence} 10. Bg5 (10. Rd1 Qc7 11. Nd2 Nc5 12. Nb3 Nxb3 13. Bxb3 Nd7 14. Bc4 Nc5 15. Be3 Be6 {0-1 (37) Gjuran,D (2326)-Skoberne,J (2573) Slovenia 2013}) 10... Qc7 11. Nh4 Nc5 12. Nf5 $146 ({Predecessor:} 12. Kh1 Ng4 13. f4 exf4 14. Bxf4 Bd6 15. Bxd6 Qxd6 16. Nf3 Qh6 17. Rae1 {1-0 (33) Jimenez Fraga,P (2292)-Linares Napoles,O (2241) Havana 2007}) 12... Ne6 13. Bxe6 Bxe6 14. Nxe7+ Qxe7 15. Qf3 Rfd8 16. Rad1 h6 17. Bxf6 Qxf6 18. Qxf6 gxf6 19. f4 exf4 20. Rxf4 Rxd1+ 21. Nxd1 Rd8 22. Nc3 Kg7 23. Rf3 Rd2 24. Rf2 Rd4 25. Rf1 Rb4 26. b3 c5 27. Nd5 Rxe4 28. Nxf6 Re2 29. Ne8+ Kf8 30. Nc7 Bd7 $17 31. c4 Bc6 32. Nd5 Bxd5 33. cxd5 Re3 34. Rf6 Rxb3 35. Rxh6 Rb4 36. d6 Ke8 37. Rh8+ Kd7 38. Rf8 Kxd6 39. Rxf7 b6 40. Rf6+ Kc7 41. g3 Rxa4 42. h4 Rg4 43. Kg2 a4 44. Kh3 Rg8 45. h5 Ra8 46. Rf7+ Kc6 47. Rf6+ Kc7 48. Rf7+ Kd6 49. Rf6+ Ke7 50. Rxb6 a3 51. Rb7+ Kf6 52. Rb1 a2 53. Ra1 c4 0-1

[Event "XXIX Cracovia 2018"]
[Site "Krakow"]
[Date "2018.12.29"]
[Round "3"]
[White "Gbyl, Andrzej"]
[Black "Cukrowski, Filip"]
[Result "0-1"]
[ECO "D02"]
[WhiteElo "2266"]
[BlackElo "2416"]
[Annotator "NA"]
[PlyCount "144"]
[EventDate "2018.12.27"]
[EventType "swiss"]
[EventCountry "POL"]
[SourceTitle "playchess.com"]
[Source "ChessBase"]
[SourceQuality "1"]
[TimeControl "40/5400+30:1800+30"]

1. d4 d5 2. Nf3 c6 3. c4 e6 4. e3 Nf6 5. b3 Nbd7 6. Bd3 Bd6 7. Bb2 O-O {[%emt 0:02:16] LiveBook: 257 Games A06: Réti Opening:1 Nf3 d5} 8. Nbd2 Bc7 (8... b6 9. O-O Bb7 10. Qe2 c5 11. Rad1 Ne4 12. cxd5 exd5 13. Ba6 Bxa6 14. Qxa6 Re8 15. dxc5 Ndxc5 16. Qe2 Rc8 17. Rc1 Bf8 18. Rfd1 Qe7 {½-½ (45) Radjabov,T (2710)-Ding,L (2773) Moscow 2017}) 9. O-O Qe7 $146 ({Predecessor:} 9... a5 10. Ne5 Nxe5 11. dxe5 Nd7 12. f4 dxc4 13. Nxc4 {1-0 (26) Ng,C (1936)-Bennett,C (1793) Cammeray 2013}) 10. Ne5 Nxe5 11. dxe5 Nd7 12. f4 f5 13. Qc2 Bb6 14. Rf3 g6 15. Rc1 Rd8 16. cxd5 cxd5 17. Bd4 Nb8 18. Bxb6 axb6 19. a4 Nc6 20. Bb5 Bd7 21. Rff1 Rac8 22. Qb2 Nb4 23. Qd4 Bxb5 24. axb5 Nc2 25. Qxb6 d4 26. exd4 Qd7 27. Nf3 Qd5 28. h3 h6 29. Kh1 (29. Kh2 $18) 29... Rc3 30. Rf2 Rdc8 31. Kh2 Kf7 32. Qd6 Ke8 33. Qxd5 exd5 {[%emt 0:00:04] [#]} 34. Rd2 $16 (34. Nh4 $1 $18 {is the precise move to win.}) 34... Kf7 35. Kg1 Nb4 36. Re1 Ke6 37. Nh4 Rxb3 38. Kh2 g5 39. fxg5 hxg5 40. Nf3 Rg8 41. Rc1 g4 42. Ng1 g3+ 43. Kh1 Nd3 44. Rf1 Nf2+ 45. Rfxf2 gxf2 46. Rxf2 Rxb5 47. Ne2 Rc8 48. Nf4+ Kd7 49. Nd3 Rc4 50. Rxf5 Rxd4 51. Rf3 Re4 52. Kh2 d4 53. g4 Ke7 54. Nf4 Ke8 55. e6 Rbe5 56. Kg3 Re3 57. h4 Rxf3+ 58. Kxf3 b5 59. h5 d3 60. Nxd3 Rxe6 61. g5 Kf8 62. Kf4 Rd6 63. Ke4 Kg7 64. Nb4 Rd1 65. Nd3 Rh1 66. Kd4 Rxh5 67. Kc5 Rxg5+ 68. Kb4 Kf7 69. Nc5 Ke7 70. Nb3 Kd6 71. Nd4 Rg4 72. Kc3 b4+ 0-1

[Event "XXIX Cracovia 2018"]
[Site "Krakow"]
[Date "2018.12.29"]
[Round "3"]
[White "Gombocz, Ferenc Jr."]
[Black "Goumas, Georgios"]
[Result "0-1"]
[ECO "A13"]
[WhiteElo "2263"]
[BlackElo "2378"]
[Annotator "NA"]
[PlyCount "94"]
[EventDate "2018.12.27"]
[EventType "swiss"]
[EventCountry "POL"]
[SourceTitle "playchess.com"]
[Source "ChessBase"]
[SourceQuality "1"]
[TimeControl "40/5400+30:1800+30"]

1. c4 e6 2. g3 d5 3. Bg2 Nf6 4. Nf3 d4 5. O-O c5 6. e3 Nc6 7. exd4 cxd4 8. b3 Bd6 9. Bb2 e5 10. Re1 O-O 11. d3 h6 12. a3 $15 a5 13. Nbd2 Bf5 14. Qe2 Re8 15. Nh4 Bg4 16. Bf3 Bd7 17. Ne4 Be7 18. Nxf6+ Bxf6 19. Ng2 Qb6 20. Qc2 Bf5 21. Rab1 Rad8 22. Bd5 Qc5 23. Qd2 Rxd5 24. cxd5 Qxd5 25. Qd1 Qb5 26. b4 axb4 27. axb4 Qxd3 28. Qxd3 Bxd3 29. Rbd1 Bb5 30. Re4 Nxb4 31. f4 Bc6 32. Ree1 Nc2 33. Re2 Bf3 34. Rxc2 Bxd1 35. Rd2 Bf3 36. fxe5 Bxe5 37. Bxd4 Rd8 38. Be3 Rxd2 39. Bxd2 Bxg2 40. Kxg2 Kf8 41. Bb4+ Ke8 42. g4 Kd7 43. h3 Ke6 44. Kf3 Kd5 45. Ke3 Kc4 46. Bf8 b5 47. Ke4 Bc3 {[%emt 0:00:24] Kd4+} 0-1

[Event "XXIX Cracovia 2018"]
[Site "Krakow"]
[Date "2018.12.29"]
[Round "3"]
[White "Kokoszczynski, Jan"]
[Black "Lewtak, Damian"]
[Result "1/2-1/2"]
[ECO "A41"]
[WhiteElo "2242"]
[BlackElo "2393"]
[Annotator "NA"]
[PlyCount "38"]
[EventDate "2018.12.27"]
[EventType "swiss"]
[EventCountry "POL"]
[SourceTitle "playchess.com"]
[Source "ChessBase"]
[SourceQuality "1"]
[TimeControl "40/5400+30:1800+30"]

1. c4 g6 2. Nc3 Bg7 3. d4 d6 4. Nf3 Bg4 5. g3 Bxf3 6. exf3 c6 7. Be3 Nf6 8. Bg2 Nbd7 9. O-O O-O 10. Re1 d5 11. cxd5 cxd5 12. Bf1 e6 13. a4 Ne8 14. Qb3 Nd6 15. a5 Nb8 16. Red1 Nc6 17. a6 b6 18. Qa4 Rc8 19. Rac1 Nf5 1/2-1/2

[Event "XXIX Cracovia 2018"]
[Site "Krakow"]
[Date "2018.12.29"]
[Round "3"]
[White "Kozak, Antoni"]
[Black "Galperin, Platon"]
[Result "0-1"]
[ECO "D37"]
[WhiteElo "2236"]
[BlackElo "2363"]
[Annotator "NA"]
[PlyCount "120"]
[EventDate "2018.12.27"]
[EventType "swiss"]
[EventCountry "POL"]
[SourceTitle "playchess.com"]
[Source "ChessBase"]
[SourceQuality "1"]
[TimeControl "40/5400+30:1800+30"]

1. d4 Nf6 2. Nf3 d5 3. c4 e6 4. Nc3 a6 5. cxd5 exd5 6. Bg5 Be6 7. e3 Nbd7 8. Bd3 Bd6 9. Bh4 h6 10. O-O O-O 11. Ne2 c6 12. Bg3 Bxg3 13. Nxg3 Re8 14. h3 Qc7 15. Qc2 Qd6 16. Nd2 Rac8 17. Nb3 Re7 18. Rac1 Rce8 19. Na5 Nf8 20. Qb3 Qc7 21. Qb4 Bc8 22. Nf5 Re6 23. Nb3 N8d7 24. Qe1 h5 25. Nd2 g6 26. Ng3 Qd6 27. Ne2 b6 28. Nf4 R6e7 29. b4 c5 30. bxc5 bxc5 31. dxc5 Nxc5 32. Nb3 Nxb3 33. axb3 d4 34. Bc4 g5 35. Nd3 dxe3 36. fxe3 Rxe3 37. Qc3 Kg7 38. Rf2 Re2 39. Rxe2 Rxe2 40. Nf4 Re5 41. Nd3 Re3 42. Rf1 Bb7 43. Rf2 Be4 44. Qe5 Qxe5 45. Nxe5 Bxg2 46. Nxf7 Be4 47. Nd6 Rxh3 48. Rxf6 Kxf6 49. Nxe4+ Ke5 50. Nc5 a5 51. Nb7 Rc3 52. Nxa5 h4 53. Bf1 Kf4 54. b4 Kg3 55. Nc4 h3 56. Nd2 h2+ 57. Kh1 Rc1 58. b5 Rd1 59. b6 Rxd2 60. b7 Rb2 0-1

[Event "XXIX Cracovia 2018"]
[Site "Krakow"]
[Date "2018.12.29"]
[Round "3"]
[White "Rakhmangulova, Anastasiya"]
[Black "Szpar, Milosz"]
[Result "1/2-1/2"]
[ECO "B33"]
[WhiteElo "2233"]
[BlackElo "2339"]
[Annotator "NA"]
[PlyCount "96"]
[EventDate "2018.12.27"]
[EventType "swiss"]
[EventCountry "POL"]
[SourceTitle "playchess.com"]
[Source "ChessBase"]
[SourceQuality "1"]
[TimeControl "40/5400+30:1800+30"]

1. e4 c5 2. Nf3 Nc6 3. d4 cxd4 4. Nxd4 Nf6 $11 {LiveBook: 28639 Games} 5. Nc3 e5 6. Ndb5 d6 7. Bg5 a6 8. Na3 b5 9. Nd5 Be7 10. Bxf6 Bxf6 11. c4 b4 12. Nc2 a5 13. g3 O-O 14. Bg2 Be6 15. Nxf6+ Qxf6 16. b3 Qd8 17. O-O Qb6 18. Kh1 Qc5 19. f4 f6 20. f5 Bf7 21. g4 h6 22. h4 Rfd8 23. Qd2 a4 24. Bf3 Kf8 25. Kg2 Ke7 26. Rh1 Ra7 27. g5 Rda8 28. Be2 axb3 29. axb3 Ra2 30. Rxa2 Rxa2 31. Ra1 Rxa1 32. gxf6+ Kxf6 33. Nxa1 Qd4 34. Qxd4 exd4 35. Nc2 Ke5 36. Kf2 g6 37. Bd3 gxf5 38. exf5 Bh5 39. f6 Kxf6 40. Be4 Na5 41. Nxd4 Bd1 42. Bc2 Bxc2 43. Nxc2 Nxb3 44. Nxb4 Nd2 45. Nd5+ Kf5 46. Ne3+ Kf4 47. Nd5+ Kg4 48. Ne3+ Kf4 1/2-1/2

[Event "XXIX Cracovia 2018"]
[Site "Krakow"]
[Date "2018.12.29"]
[Round "3"]
[White "Bus, Konrad"]
[Black "Zakrzewski, Marek"]
[Result "1/2-1/2"]
[ECO "E11"]
[WhiteElo "2221"]
[BlackElo "2311"]
[Annotator "NA"]
[PlyCount "139"]
[EventDate "2018.12.27"]
[EventType "swiss"]
[EventCountry "POL"]
[SourceTitle "playchess.com"]
[Source "ChessBase"]
[SourceQuality "1"]
[TimeControl "40/5400+30:1800+30"]

1. d4 Nf6 2. c4 e6 3. Nf3 Bb4+ 4. Nbd2 O-O 5. a3 Be7 6. e3 d5 7. Bd3 b6 8. O-O Bb7 9. b4 c5 10. bxc5 bxc5 11. Rb1 Ba6 12. Ne5 Nfd7 13. Qc2 f5 14. Ndf3 Nxe5 15. Nxe5 Bf6 16. Rxb8 Rxb8 17. Nc6 Qd6 18. Nxb8 Rxb8 19. cxd5 Bxd3 20. Qxd3 Qxd5 21. Rd1 c4 22. Qc2 Qb5 23. g3 Qb3 24. Rd2 a5 25. Qxb3 cxb3 26. a4 Rb4 27. Rb2 e5 28. Bd2 Rb7 29. Bc3 exd4 30. exd4 Kf7 31. Kf1 Ke6 32. Ke2 Kd5 33. Kd3 g5 34. Bxa5 Bxd4 35. Bc3 Bc5 36. f3 h5 37. Re2 Ba3 38. Re5+ Kd6 39. Re1 Kd5 40. a5 b2 41. Rb1 Rb3 42. Kc2 Kc4 43. Bxb2 Rxf3 44. Bxa3 Rxa3 45. Kd2 Rxa5 46. Rb2 Re5 47. Rb8 Kd4 48. Rd8+ Ke4 49. Ke2 h4 50. gxh4 g4 51. Kf2 f4 52. Rg8 Rh5 53. Re8+ Re5 54. Rg8 Rc5 55. Re8+ Kf5 56. Rf8+ Ke5 57. Re8+ Kd6 58. Rd8+ Ke6 59. Re8+ Kf7 60. Re4 Rf5 61. Kg2 Kg6 62. Re8 Rh5 63. Rf8 f3+ 64. Kg3 Rf5 65. h5+ Kg5 66. h4+ gxh3 67. Rxf5+ Kxf5 68. Kxf3 Kg5 69. Kg3 Kxh5 70. Kxh3 1/2-1/2

[Event "XXIX Cracovia 2018"]
[Site "Krakow"]
[Date "2018.12.29"]
[Round "3"]
[White "Bukojemski, Adam"]
[Black "Vojtek, Vladimir"]
[Result "0-1"]
[ECO "A06"]
[WhiteElo "2218"]
[BlackElo "2313"]
[Annotator "NA"]
[PlyCount "138"]
[EventDate "2018.12.27"]
[EventType "swiss"]
[EventCountry "POL"]
[SourceTitle "playchess.com"]
[Source "ChessBase"]
[SourceQuality "1"]
[TimeControl "40/5400+30:1800+30"]

1. c4 e6 2. Nf3 d5 3. e3 Nf6 4. b3 c5 5. Bb2 Nc6 6. Be2 Be7 7. O-O d4 8. exd4 cxd4 9. d3 O-O 10. Na3 e5 11. Nc2 Qc7 12. a3 a5 13. Rb1 Bf5 14. b4 axb4 15. axb4 b6 16. Nh4 Bc8 17. f4 Nxb4 18. fxe5 Qxe5 19. Nf3 Qc7 20. Nxb4 Bxb4 21. Nxd4 Bc5 22. Kh1 Bd7 23. Nf5 Bxf5 24. Rxf5 Qd7 25. Rf4 Be3 26. Rh4 Qe7 27. Bf3 Rad8 28. Qe2 Bc5 29. d4 Qxe2 30. Bxe2 Rfe8 31. Bf1 Bd6 32. Rh3 Ne4 33. Kg1 Nd2 34. Ra1 Rc8 35. Rc3 g6 36. Rd1 Nxf1 37. Rxf1 Re2 38. Bc1 Bb4 39. Re3 Rxe3 40. Bxe3 Rxc4 41. Rf6 Bc3 42. Rxb6 Bxd4 43. Bxd4 Rxd4 44. Kf2 h5 45. Kf3 Kg7 46. Rb7 g5 47. h3 Kg6 48. Rb6+ f6 49. Ra6 Rd3+ 50. Ke2 Rb3 51. Ra5 g4 52. hxg4 hxg4 53. Kf2 g3+ 54. Ke2 f5 55. Ra6+ Kg5 56. Ra8 Kg4 57. Ra4+ f4 58. Ra2 f3+ 59. gxf3+ Rxf3 60. Ra8 Rf2+ 61. Ke1 Kh3 62. Rh8+ Kg2 63. Rg8 Rf7 64. Re8 Kg1 65. Ke2 g2 66. Re6 Rh7 67. Rg6 Re7+ 68. Kf3 Kf1 69. Rxg2 Rf7+ 0-1

[Event "XXIX Cracovia 2018"]
[Site "Krakow"]
[Date "2018.12.29"]
[Round "3"]
[White "Szczurek, Krzysztof"]
[Black "Reza, Wojciech"]
[Result "0-1"]
[ECO "C54"]
[WhiteElo "2212"]
[BlackElo "2287"]
[Annotator "NA"]
[PlyCount "68"]
[EventDate "2018.12.27"]
[EventType "swiss"]
[EventCountry "POL"]
[SourceTitle "playchess.com"]
[Source "ChessBase"]
[SourceQuality "1"]
[TimeControl "40/5400+30:1800+30"]

1. e4 e5 2. Nf3 Nc6 3. Bc4 Bc5 4. c3 Nf6 5. d3 d5 6. exd5 Nxd5 7. b4 Be7 8. b5 Na5 9. Nxe5 O-O 10. Qf3 Be6 11. O-O f6 12. Ng4 Nxc4 13. dxc4 Nb6 14. Ne3 Nxc4 15. Qe4 Ne5 16. Rd1 Qc8 17. f4 Nf7 18. f5 Ng5 19. Qf4 Bd7 20. Ba3 Bxa3 21. Nxa3 c6 22. bxc6 Bxc6 23. Rd4 Re8 24. Nac4 Re4 25. Qg3 Qf8 26. Rad1 Rae8 27. Nc2 Re2 28. N4e3 Bxg2 29. Nxg2 Rxc2 30. Nf4 Qc5 31. Nd5 Re5 32. Kh1 Ree2 33. Ne3 Qc6+ 34. Kg1 Rxe3 0-1

[Event "XXIX Cracovia 2018"]
[Site "Krakow"]
[Date "2018.12.29"]
[Round "3"]
[White "Popiol, Michal"]
[Black "Nowicki, Bartosz"]
[Result "0-1"]
[ECO "A10"]
[WhiteElo "2169"]
[BlackElo "2305"]
[Annotator "NA"]
[PlyCount "100"]
[EventDate "2018.12.27"]
[EventType "swiss"]
[EventCountry "POL"]
[SourceTitle "playchess.com"]
[Source "ChessBase"]
[SourceQuality "1"]
[TimeControl "40/5400+30:1800+30"]

1. c4 d6 2. Nc3 g6 3. e4 e5 4. g3 Bg7 5. Bg2 Nc6 6. d3 Nd4 7. h3 h5 8. Nge2 h4 9. g4 Ne6 10. f4 exf4 11. Nxf4 Be5 12. O-O c6 13. Kh1 Nxf4 14. Bxf4 Bxf4 15. Rxf4 g5 16. Rf2 Ne7 17. Qf1 Ng6 18. Rxf7 Nf4 19. Rxf4 gxf4 20. Qxf4 Qe7 21. d4 Bd7 22. e5 dxe5 23. dxe5 O-O-O 24. Ne4 Rhf8 25. Nf6 Be6 26. b3 Qc5 27. Re1 Rd4 28. Ne4 Qb4 29. Qe3 Rd3 30. Qxd3 Qxe1+ 31. Kh2 Rd8 32. Nd6+ Kb8 33. Qe4 Qg3+ 34. Kh1 Rd7 35. Qe2 a5 36. Nf5 Qf4 37. Nxh4 Rd2 38. Qf3 Qxe5 39. Ng6 Qe1+ 40. Kh2 Rxa2 41. Qf8+ Ka7 42. Qc5+ Ka6 43. Nf4 Qe4 44. Kg3 Qe1+ 45. Kh2 Rb2 46. Qd6 Qe4 47. Kg3 Rxb3+ 48. Kh4 Qh7+ 49. Kg5 Bxc4 50. Bxc6 Rb6 0-1

[Event "XXIX Cracovia 2018"]
[Site "Krakow"]
[Date "2018.12.29"]
[Round "3"]
[White "Sanz Wawer, Daniel"]
[Black "Miroshnichenko, Pavel"]
[Result "1/2-1/2"]
[ECO "D14"]
[WhiteElo "2127"]
[BlackElo "2275"]
[Annotator "NA"]
[PlyCount "20"]
[EventDate "2018.12.27"]
[EventType "swiss"]
[EventCountry "POL"]
[SourceTitle "playchess.com"]
[Source "ChessBase"]
[SourceQuality "1"]
[TimeControl "40/5400+30:1800+30"]

1. d4 Nf6 2. c4 c6 3. Nf3 d5 4. cxd5 cxd5 5. Nc3 Nc6 6. Bf4 Bf5 7. Rc1 Nh5 8. Bd2 Nf6 9. Bf4 Nh5 10. Bd2 Nf6 1/2-1/2

[Event "XXIX Cracovia 2018"]
[Site "Krakow"]
[Date "2018.12.29"]
[Round "3"]
[White "Kusnetsov, Igor"]
[Black "Rysaev, Danial"]
[Result "0-1"]
[ECO "A00"]
[WhiteElo "2094"]
[BlackElo "1945"]
[Annotator "NA"]
[PlyCount "108"]
[EventDate "2018.12.27"]
[EventType "swiss"]
[EventCountry "POL"]
[SourceTitle "playchess.com"]
[Source "ChessBase"]
[SourceQuality "1"]
[TimeControl "40/5400+30:1800+30"]

1. g3 Nf6 2. Bg2 g6 3. f4 d6 4. Nf3 Bg7 5. d3 Nc6 6. e4 e5 7. fxe5 dxe5 8. Be3 Be6 9. Nbd2 Qd7 10. b4 Ng4 11. Bg1 Nxb4 12. h3 Nh6 13. a3 Nc6 14. Ng5 O-O 15. Nxe6 Qxe6 16. Be3 f6 17. Nb3 Rad8 18. Qd2 Nf7 19. Nc5 Qc8 20. h4 Nd6 21. Bh3 f5 22. h5 b6 23. hxg6 bxc5 24. exf5 Nxf5 25. Bxc5 Ncd4 26. Bxd4 exd4 27. gxh7+ Kh8 28. O-O Qe6 29. Rae1 Qg6 30. Bxf5 Rxf5 31. Qg2 Bh6 32. Rxf5 Qxf5 33. Qe4 Qxe4 34. Rxe4 Rd7 35. Re6 Kxh7 36. Rc6 Bf8 37. Ra6 c5 38. Kg2 Bd6 39. Kh3 Kg6 40. Kg4 Kf6 41. Kf3 Ke5 42. g4 Rf7+ 43. Kg3 Kd5+ 44. Kh4 Bf4 45. g5 Be5 46. Kh5 Rf2 47. g6 Rxc2 48. Rxa7 Rd2 49. a4 Rxd3 50. a5 Ra3 51. a6 d3 52. Kg5 Ke6 53. Ra8 Bf6+ 54. Kf4 d2 0-1

[Event "XXIX Cracovia 2018"]
[Site "Krakow"]
[Date "2018.12.29"]
[Round "3"]
[White "Kvaratskhelia, Dimitri"]
[Black "Bakalarz, Leszek"]
[Result "1-0"]
[ECO "A46"]
[WhiteElo "1996"]
[BlackElo "1927"]
[Annotator "NA"]
[PlyCount "77"]
[EventDate "2018.12.27"]
[EventType "swiss"]
[EventCountry "POL"]
[SourceTitle "playchess.com"]
[Source "ChessBase"]
[SourceQuality "1"]
[TimeControl "40/5400+30:1800+30"]

1. d4 Nf6 2. Nf3 c5 3. e3 b6 4. Be2 Bb7 5. O-O e6 6. b3 Be7 7. Bb2 O-O 8. c4 d6 9. Nc3 Ne4 10. Qc2 f5 11. dxc5 bxc5 12. Rad1 Nxc3 13. Bxc3 Nd7 14. Qb2 Rf7 15. Rd2 a5 16. Rfd1 Qc7 17. Ne1 e5 18. f3 Ra6 19. Nc2 g5 20. Na3 Qb8 21. Nb5 Nf8 22. Qc2 Ne6 23. Bd3 Qf8 24. Re1 h5 25. h3 g4 26. Rf1 Qh6 27. Bxf5 gxf3 28. Bxe6 Qxe6 29. Nc7 Qh6 30. Nd5 Bxd5 31. cxd5 Qxe3+ 32. Kh1 Kf8 33. gxf3 a4 34. Rg2 axb3 35. Qxb3 Ra8 36. Qb7 Re8 37. Bd2 Qd3 38. Bh6+ Rg7 39. Rxg7 1-0

[Event "XXIX Cracovia 2018"]
[Site "Krakow"]
[Date "2018.12.29"]
[Round "3"]
[White "Brylski, Pawel"]
[Black "Zelak, Wladyslaw"]
[Result "1-0"]
[ECO "B23"]
[WhiteElo "1975"]
[BlackElo "1833"]
[Annotator "NA"]
[PlyCount "83"]
[EventDate "2018.12.27"]
[EventType "swiss"]
[EventCountry "POL"]
[SourceTitle "playchess.com"]
[Source "ChessBase"]
[SourceQuality "1"]
[TimeControl "40/5400+30:1800+30"]

1. e4 c5 2. Nc3 d6 3. f4 Nf6 4. Nf3 e6 5. Bb5+ Nc6 6. Bxc6+ bxc6 7. d3 Nd7 8. O-O Be7 9. Qe1 O-O 10. Qg3 Ba6 11. f5 e5 12. b3 Bb7 13. Bh6 Bf6 14. Qg4 d5 15. Kh1 Qe7 16. Rae1 Rfe8 17. Bc1 Qd6 18. Ng5 Bd8 19. Qh5 Bxg5 20. Bxg5 f6 21. Bc1 Nf8 22. Rf3 Re7 23. Ba3 g6 24. Qh6 Rg7 25. Na4 Nd7 26. Qe3 d4 27. Qd2 a5 28. fxg6 Rxg6 29. Ref1 Kg7 30. Qe1 Qe7 31. Qh4 Ba6 32. Rh3 Rh8 33. Qe1 Qe6 34. Bxc5 Bb5 35. Qxa5 Bxa4 36. bxa4 Qxa2 37. Qc7 Qe6 38. a5 Ra8 39. Bb4 Kh8 40. Rh4 Qa2 41. Rf5 Qe6 42. Rhh5 1-0

[Event "XXIX Cracovia 2018"]
[Site "Krakow"]
[Date "2018.12.29"]
[Round "3"]
[White "Jablonska, Sabina"]
[Black "Romashov, Anton"]
[Result "1-0"]
[ECO "A45"]
[WhiteElo "1964"]
[BlackElo "2076"]
[Annotator "NA"]
[PlyCount "95"]
[EventDate "2018.12.27"]
[EventType "swiss"]
[EventCountry "POL"]
[SourceTitle "playchess.com"]
[Source "ChessBase"]
[SourceQuality "1"]
[TimeControl "40/5400+30:1800+30"]

1. d4 Nf6 2. Bf4 e6 3. Nf3 c5 4. c3 Nc6 5. e3 Be7 6. Nbd2 Nh5 7. Bg3 Nxg3 8. hxg3 cxd4 9. exd4 d5 10. Bd3 h6 11. Ne5 Nxe5 12. dxe5 Qb6 13. Qc2 Bd7 14. a4 Rc8 15. Nf3 Bc5 16. Qe2 a6 17. g4 d4 18. a5 Qa7 19. c4 Bb4+ 20. Kf1 Bc6 21. Nd2 Bxd2 22. Qxd2 Qc5 23. f4 Rf8 24. b4 Qa7 25. Re1 b6 26. axb6 Qxb6 27. c5 Qb7 28. Rb1 Rb8 29. Qe2 Bb5 30. Rh3 Ke7 31. Bxb5 Qxb5 32. Ra3 Rfc8 33. Qxb5 Rxb5 34. Rxa6 Rcxc5 35. Ra7+ Ke8 36. bxc5 Rxb1+ 37. Ke2 Rc1 38. Rc7 Rc3 39. c6 g5 40. f5 exf5 41. gxf5 Re3+ 42. Kd2 Rxe5 43. f6 Rd5 44. Re7+ Kd8 45. Rxf7 Rf5 46. Rd7+ Kc8 47. f7 Rf6 48. Re7 1-0